 Dungeon Crawl Stone Soup version 0.19-a0-585-ge40200b (webtiles) character file.

4839 pk666 the Cleaver (level 10, -2/94 HPs)
             Began as a Minotaur Berserker on June 9, 2016.
             Was a High Priest of Trog.
             Slain by an orc knight
             ... wielding a cursed +0 war axe
              (18 damage)
             ... on level 7 of the Dungeon.
             The game lasted 00:25:33 (6731 turns).

pk666 the Cleaver (Minotaur Berserker)              Turns: 6731, Time: 00:25:34

Health: -2/94      AC: 16    Str: 26    XL:     10   Next: 25%
Magic:  9/9        EV:  9    Int:  4    God:    Trog [*****.]
Gold:   242        SH:  0    Dex:  9    Spells: 0 memorised, 9 levels left

rFire  . . .     SeeInvis .     D - +0 war axe
rCold  . . .     Gourm    .     G - +0 chain mail
rNeg   . . .     Faith    .     (no shield)
rPois  .         Spirit   .     (helmet restricted)
rElec  .         Dismiss  .     l - +0 cloak
rCorr  .         Reflect  .     (no gloves)
SustAt .         Harm     .     a - +2 pair of boots {run}
MR     .....                    (no amulet)
Stlth  ..........               (no ring)
                                (no ring)

@: exhausted, slowed, very slow, not resistant to hostile enchantments,
extremely unstealthy
A: retaliatory headbutt, horns 2
a: Berserk, Trog's Hand, Brothers in Arms, Burn Spellbooks, Renounce Religion


You were on level 7 of the Dungeon.
You worshipped Trog.
Trog was extremely pleased with you.
You were hungry.

You visited 1 branch of the dungeon, and saw 7 of its levels.
You also visited: Bailey.

You collected 242 gold pieces.

Inventory:

Hand Weapons
 D - a +0 war axe (weapon)
Armour
 a - a +2 pair of boots of running (worn)
 d - a +0 ring mail
 l - a +0 cloak (worn)
 G - a +0 chain mail (worn)
Jewellery
 p - an uncursed ring of stealth {unknown}
Wands
 t - a wand of iceblast (9/15)
 y - a wand of iceblast (8/15)
Scrolls
 e - 2 scrolls of remove curse {unknown}
 f - a scroll of random uselessness {unknown}
 g - 8 scrolls of teleportation {unknown}
 h - 3 scrolls of blinking {unknown}
 k - 2 scrolls of recharging {unknown}
 o - 2 scrolls of enchant armour {unknown}
 r - 7 scrolls of identify {unknown}
 u - 2 scrolls of immolation {unknown}
 v - 2 scrolls of fog {unknown}
Potions
 i - 3 potions of brilliance {unknown}
 j - 2 potions of degeneration {unknown}
 n - 2 potions of lignification {unknown}
 q - 2 potions of flight {unknown}
 s - 5 potions of curing {unknown}
 w - 3 potions of ambrosia {unknown}
 x - 2 potions of heal wounds
 z - 2 potions of might {unknown}
 A - a potion of invisibility {unknown}
 B - a potion of haste {unknown}
 C - a potion of mutation {unknown}
 E - a potion of magic {unknown}
 H - a potion of resistance {unknown}
Comestibles
 b - a royal jelly
 c - 7 bread rations
 m - 2 meat rations
 F - 3 chunks of flesh


   Skills:
 + Level 10.9 Fighting
 + Level 11.1 Axes
 + Level 10.5 Armour
 - Level 2.1 Dodging


You had 9 spell levels left.
You didn't know any spells.

Dungeon Overview and Level Annotations

Branches:
Dungeon (7/15)             Temple (0/1) D:4

Altars:
Ashenzari
Cheibriados
Hepliaklqana
Okawaru
Qazlal
Ru
Sif Muna
Vehumet
Yredelemnul
Zin
The Shining One


Innate Abilities, Weirdness & Mutations

You reflexively headbutt those who attack you in melee.
You have a pair of horns on your head.


Message History

You are feeling hungry.
The orc no longer looks unusually strong.
The orc warrior no longer looks unusually strong.
The orc knight no longer looks unusually strong.
The orc warrior no longer looks unusually strong.
The orc warrior no longer looks unusually strong.
The orc knight roars a battlecry!
The orc warriors go into a battle-frenzy!
The orc warrior no longer looks unusually strong.
The orc warrior sings a few bars from the Orcish anthem.
The orc knight roars a battlecry!
The orc warrior goes into a battle-frenzy!
There is a gate leading back out of this place here.
The orc knight hits you but does no damage.
Welcome back to the Dungeon!
There is an empty arch of ancient stone here.
You closely miss the orc knight. You headbutt the orc knight.
The orc knight is moderately wounded.
The orc knight hits you with a war axe!!
You die...

#...#
#.#.#.#...######.#.##
#...#
#.#.#.#..........#...
#...# #
#.#.#.#..#############
#...# #. #.#.#.#...##
#...# #.###..........#
#...#.#......≈≈≈≈≈≈≈.#
#...#.###....≈#####≈.#
#...#........≈#...#≈.#
....###.#....≈..@.#≈.#
........#....≈#o..#≈.#
....###.#....≈#####≈.#
....# #.####.≈≈≈≈≈≈≈.#
..... #.# #.........#
#####
..........#...^...#
#.#########+#######
#.# .#


You could see an orc knight.

Vanquished Creatures
  An orc warlord (Bailey)
  The ghost of pk666 the Fighter, a novice MiBe of Trog (D:5)
  An orc knight (Bailey)
  Sigmund (D:2)
  Eustachio (D:4)
  A hippogriff (D:7)
  A phantom (D:4)
  5 orc warriors
  2 ogres (D:6)
  2 ice beasts
  2 centaurs
  A big kobold (D:6)
  A giant frog (D:6)
  A water moccasin skeleton (D:6)
  A howler monkey (D:4)
  3 crimson imps
  3 hounds
  A jelly (D:5)
  An orc priest (D:4)
  2 worker ants
  6 orc wizards
  A mummy (D:5)
  A howler monkey zombie (D:6)
  6 adders
  12 gnolls (Bailey)
  4 shadow imps
  An ooze (D:1)
  An adder zombie (D:6)
  3 worms
  A dart slug (D:2)
  6 giant geckos
  36 orcs
  2 ball pythons
  2 giant cockroaches
  24 goblins
  17 hobgoblins
  16 jackals
  26 kobolds
  3 quokkas
  6 bats
  2 giant gecko skeletons
  A giant gecko zombie (D:6)
  3 giant newts (D:2)
  14 rats
  6 plants (D:6)
232 creatures vanquished.

Vanquished Creatures (others)
  A plant (D:6)
1 creature vanquished.

Grand Total: 233 creatures vanquished

Notes
Turn   | Place    | Note
--------------------------------------------------------------
     0 | D:1      | pk666 the Minotaur Berserker began the quest for the Orb.
     0 | D:1      | Reached XP level 1. HP: 19/19 MP: 0/0
   205 | D:1      | Reached skill level 4 in Axes
   218 | D:1      | Reached XP level 2. HP: 27/27 MP: 1/1
   508 | D:1      | Reached XP level 3. HP: 33/33 MP: 2/2
   729 | D:2      | Reached ** piety under Trog
   747 | D:2      | Found an iron altar of Okawaru.
  1510 | D:2      | Noticed Sigmund
  1524 | D:2      | Killed Sigmund
  1524 | D:2      | Reached skill level 5 in Fighting
  1524 | D:2      | Reached skill level 5 in Axes
  1524 | D:2      | Reached XP level 4. HP: 35/42 MP: 3/3
  1524 | D:2      | Reached XP level 5. HP: 40/48 MP: 4/4
  1934 | D:3      | Found an iron altar of Okawaru.
  1937 | D:3      | Found a sacrificial altar of Ru.
  1938 | D:3      | Found a deep blue altar of Sif Muna.
  2134 | D:3      | Reached *** piety under Trog
  2145 | D:3      | Reached XP level 6. HP: 52/56 MP: 5/5
  2579 | D:4      | Found a stormy altar of Qazlal.
  2581 | D:4      | Found a shattered altar of Ashenzari.
  2582 | D:4      | Found a glowing silver altar of Zin.
  2584 | D:4      | Found a radiant altar of Vehumet.
  2584 | D:4      | Found a hazy altar of Hepliaklqana.
  2651 | D:4      | Reached skill level 6 in Axes
  2799 | D:4      | Found a staircase to the Ecumenical Temple.
  2934 | D:4      | Found a basalt altar of Yredelemnul.
  3023 | D:4      | Reached skill level 5 in Armour
  3162 | D:4      | Noticed Eustachio
  3168 | D:4      | Killed Eustachio
  3168 | D:4      | Reached XP level 7. HP: 64/64 MP: 6/6
  3518 | D:5      | Entered Level 5 of the Dungeon
  3549 | D:5      | Reached skill level 7 in Axes
  3583 | D:5      | Noticed pk666's ghost (novice MiBe)
  3594 | D:5      | Killed pk666's ghost
  3594 | D:5      | Reached XP level 8. HP: 17/74 MP: 7/7
  3880 | D:5      | Found a glowing golden altar of the Shining One.
  3908 | D:5      | Found a snail-covered altar of Cheibriados.
  3970 | D:5      | Reached skill level 8 in Axes
  4626 | D:6      | Reached skill level 9 in Axes
  5107 | D:6      | Reached **** piety under Trog
  5124 | D:6      | Reached XP level 9. HP: 69/82 MP: 8/8
  5173 | D:6      | Identified a +2 pair of boots of running (You found it on level 6 of the Dungeon)
  6036 | D:7      | Reached ***** piety under Trog
  6174 | D:7      | Found a flagged portal.
  6211 | Bailey   | Entered a bailey
  6316 | Bailey   | Noticed an orc knight
  6333 | Bailey   | Killed an orc knight
  6333 | Bailey   | Reached skill level 10 in Fighting
  6333 | Bailey   | Reached skill level 10 in Axes
  6700 | Bailey   | Noticed an orc knight
  6700 | Bailey   | Noticed an orc warlord
  6718 | Bailey   | Killed an orc warlord
  6718 | Bailey   | Reached skill level 11 in Axes
  6718 | Bailey   | Reached skill level 10 in Armour
  6718 | Bailey   | Reached XP level 10. HP: 17/94 MP: 9/9
  6731 | D:7      | Slain by an orc knight

Vault maps used:
D:1:      scummos_arrival_gate
D:2:      okawaru_ov_weapons_minmay, uniq_sigmund
D:3:      minitemple
D:4:      grunt_temple_overflow_open, overflow_temple_1_default, uniq_eustachio
D:5:      nicolae_tso_carved_into_rock, slow_altar_1, first_bread,
          hex_intersection
D:6:      kennysheep_kobold_camp, gup_sewer_entry_bubbles, roderic_lattice_a,
          hangedman_minor_gate_pass
D:7:      enter_bailey_3
Bailey:   bailey_axe_minmay_hex_keep, bailey

Skill      XL: |  1  2  3  4  5  6  7  8  9 |
---------------+----------------------------+-----
Axes           | 4 5 6 7 9 11 | 11.1
Fighting       | 4 5 6 7 8 10 | 10.9
Armour         | 4 5 7 8 10 | 10.5
Dodging        | |  2.1

Action                   |  1- 3 |  4- 6 |  7- 9 | 10-12 || total
-------------------------+-------+-------+-------+-------++-------
Melee: Hand axe          |   102 |   128 |   143 |       ||   373
       Headbutt          |    16 |    15 |    65 |     1 ||    97
       War axe           |       |       |   233 |     1 ||   234
Invok: Berserk           |     1 |     1 |     5 |       ||     7
       Burn Spellbooks   |       |       |     1 |       ||     1
  Eat: Chunk             |     1 |     6 |     9 |       ||    16
       Pizza             |       |     1 |     1 |       ||     2
       Beef jerky        |       |       |     1 |       ||     1
       Meat ration       |       |       |     1 |       ||     1
Armor: Ring mail         |    50 |    39 |   114 |       ||   203
       Chain mail        |       |       |    41 |     1 ||    42
Dodge: Dodged            |    75 |    56 |   166 |       ||   297
